 Dungeon Sprint DCSS version 0.29-a0-541-gaf1fc19f1b (webtiles) character file.

Game seed: 3956004341024975309

462 nrs142 the Carver (level 6, -1/64 (66) HPs)
             Began as a Minotaur Monk on June 2, 2022.
             Was a Priest of Nemelex Xobeh.
             Slain by a balrug
             ... wielding a +1 demon whip of draining
             ... summoned by a dread lich
              (11 damage)
             ... in the Dungeon (Sprint V: "Ziggurat Sprint").
             The game lasted 00:03:47 (158 turns).

nrs142 the Carver (Minotaur Monk)                    Turns: 158, Time: 00:03:49

HP:   -1/64 (66)    AC: 19    Str: 29    XL:     6   Next: 79%
MP:   5/5           EV:  6    Int:  7    God:    Nemelex Xobeh [***...]
Gold: 0             SH: 12    Dex: 13    Spells: 5/5 levels left

rFire   + . .      SeeInvis .   D - +7 Screaming Sword {vorpal, sonic wave}
rCold   + . .      Faith    .   F - +3 kite shield
rNeg    . . .      Spirit   .   E - +5 gold dragon scales
rPois   +          Reflect  .   (helmet restricted)
rElec   .          Harm     .   (no cloak)
rCorr   .          Rampage  .   (no gloves)
Will    .....      NoTele   +   (no boots)
Stlth   ..........              (no amulet)
HPRegen 0.20/turn               y - +6 ring of strength
MPRegen 0.09/turn               x - +6 ring of strength

@: lightly drained
A: horns 2, retaliatory headbutt
a: Renounce Religion, Draw Escape, Draw Destruction, Draw Summoning, Triple Draw


You were in the Dungeon.
You worshipped Nemelex Xobeh.
Nemelex Xobeh was most pleased with you.
You visited 1 branch

Inventory:

Hand Weapons
 D - the +7 Screaming Sword (weapon) {vorpal, sonic wave}
   (You found it in the Dungeon)

   It inflicts extra damage upon your enemies.
   It radiates damaging sonic waves as it strikes, especially in combat
   involving dangerous or numerous foes.
Armour
 E - +5 gold dragon scales (worn)
 F - a +3 kite shield (worn)
Jewellery
 x - a +6 ring of strength (right hand)
 y - a +6 ring of strength (left hand)
Wands
 z - a wand of mindburst (7)
 A - a wand of iceblast (7)
 B - a wand of acid (7)
Scrolls
 i - 4 scrolls of blinking
 o - 4 scrolls of amnesia
 p - 7 scrolls of fog
 q - 5 scrolls of identify
 r - 2 scrolls of fear
Potions
 c - a potion of ambrosia
 d - 10 potions of curing
 e - 9 potions of heal wounds
 f - 6 potions of haste
 g - 7 potions of magic
 h - 3 potions of berserk rage
 j - 2 potions of brilliance
 k - 2 potions of invisibility
 l - 4 potions of resistance
 m - a potion of experience
 n - 5 potions of might
Miscellaneous
 a - a box of beasts
 C - a lightning rod (4/4)


   Skills:
 + Level 9.9 Fighting
 + Level 10.5 Long Blades
 + Level 4.7 Armour
 - Level 8.0 Dodging
 - Level 2.7 Stealth
 + Level 4.9 Shields


You had 5 spell levels left.
You didn't know any spells.
Your spell library was empty.

Dungeon Overview and Level Annotations

Branches:
Dungeon (1/1)

Altars:
Ashenzari
Cheibriados
Dithmenos
Elyvilon
Fedhas
Gozag
Hepliaklqana
Kikubaaqudgha
Makhleb
Nemelex Xobeh
Okawaru
Qazlal
Ru
Sif Muna
Trog
Uskayaw
Vehumet
Wu Jian
Xom
Yredelemnul
Zin
The Shining One
Beogh
Jiyva
Lugonu

Annotations:
D 1 transporter


Innate Abilities, Weirdness & Mutations

You have a pair of horns on your head.
You reflexively headbutt those who attack you in melee.


Message History

Your life force feels restored.
Your Fighting skill increases to level 9!
Your Armour skill gained 2 levels and is now at level 2!
Your Shields skill gained 2 levels and is now at level 3!
You have reached level 6!
You hit the balrug but do no damage.
The Screaming Sword booms, "WHEN I'M GOD, EVERYONE DIES!!!"
You send a blast of sound all around you.
The small abomination and the balrug are blasted.
You destroy the small abomination!
The balrug is heavily wounded.
You headbutt the balrug, but do no damage.
The balrug is heavily wounded.
Something touches you but does no damage.
You block the balrug's attack. Something touches you!
You feel drained.
* * * LOW HITPOINT WARNING * * *
You block the balrug's attack.
Your life force feels restored.
Your Long Blades skill increases to level 10!
Your Armour skill gained 2 levels and is now at level 4!
Your Shields skill increases to level 4!
You feel much better. Something touches you!
The balrug hits you but does no damage.
You feel drained. Something touches you!
* * * LOW HITPOINT WARNING * * *
You slice something!!
The Screaming Sword bellows, "I AM PAIN SEEKING EXPRESSION!"
You send a blast of sound all around you.
The balrug is blasted.
The balrug is almost dead.
Your headbutt misses something.
You hear some strange, mumbled words.
The balrug hits you but does no damage.
You feel drained.
You closely miss something. Your headbutt misses something.
Something touches you but does no damage.
The balrug hits you with a +1 demon whip of draining.
* * * LOW HITPOINT WARNING * * *
You are engulfed in flames!
You resist.
You die...
Your body disappears without a glow.

▓▓▓▓▓▓▓▓▓▓▓▓▓▓▓▓▓▓▓
▓.8©8.▓.8©8.▓.8©8.▓
▓.|)[.▓.|[=.▓.....▓
▓..)..▓.....▓...[.▓
▓.....▓.....▓.....▓
▓.{2..▓.....▓.....▓
▓..@..▓.....▓..©..▓
▓2.©..▓..©..▓▓▓▓▓▓▓
▓▓▓▓▓▓▓▓▓▓▓▓▓


You could see a balrug (summoned) and a green death (summoned).

Vanquished Creatures
  A black bear (shapeshifter) (D)
  A boggart (shapeshifter) (D)
  2 small abominations (D)
  A crimson imp (D)
  A quasit (D)
  An ufetubus (D)
  A worm (shapeshifter) (D)
8 creatures vanquished.

Notes
Turn   | Place    | Note
-------+----------+-------------------------------------------
     0 | D        | nrs142 the Minotaur Monk began the quest for the Orb.
     0 | D        | Reached XP level 1. HP: 19/19 MP: 0/0
     0 | D        | Found a blossoming altar of Fedhas.
     0 | D        | Found the +6 Majin-Bo {vamp, MP+6 Int+6}
     0 | D        | Found the +9 heavy crossbow "Sniper" {vorpal, Acc+∞ SInv}
     0 | D        | Found the +10 dark maul {vorpal}
     0 | D        | Found the +15 Maxwell's patent armour {-Cast -Tele rElec
                  | Will+ rCorr}
     0 | D        | Found the +18 shield of the Gong {rElec rN+ Will+ EV-5}
     0 | D        | Found the +14 obsidian axe {vorpal, Mesm Drain Fly SInv}
     0 | D        | Found the +7 great mace "Firestarter" {inner flame, rF++}
     0 | D        | Found the +6 shillelagh "Devastator" {shatter}
     0 | D        | Found the +11 plutonium sword {Contam Stlth-}
     0 | D        | Found the +8 lance "Wyrmbane" {slay drac, rPois rF+ rC+
                  | AC+3}
     0 | D        | Found the +9 sword of Zonguldrok {reap}
     0 | D        | Found the +13 scythe of Curses {drain, Drain}
     0 | D        | Found the +5 sword of Power {vorpal}
     0 | D        | Found the +7 mace of Variability {chain chaos}
     0 | D        | Found the +7 Singing Sword {vorpal, sonic wave}
     0 | D        | Found the +8 storm bow {elec, penet}
     1 | D        | Found a shimmering blue altar of Sif Muna.
     1 | D        | Found a sacrificial altar of Ru.
     1 | D        | Found a bloodstained altar of Trog.
     1 | D        | Found a stormy altar of Qazlal.
     1 | D        | Found an iron altar of Okawaru.
     1 | D        | Found a sparkling altar of Nemelex Xobeh.
     3 | D        | Found a transporter.
     3 | D        | Found an ancient bone altar of Kikubaaqudgha.
     3 | D        | Found a viscous altar of Jiyva.
     3 | D        | Found a corrupted altar of Lugonu.
     3 | D        | Found a hazy altar of Hepliaklqana.
     3 | D        | Found a burning altar of Makhleb.
     3 | D        | Found an opulent altar of Gozag.
    93 | D        | Became a worshipper of Nemelex Xobeh the Trickster
    93 | D        | Reached * piety under Nemelex Xobeh
    93 | D        | Received a gift from Nemelex Xobeh
    93 | D        | Reached ** piety under Nemelex Xobeh
   108 | D        | Entered arena 2.
   108 | D        | Noticed a crimson imp
   108 | D        | Noticed a quasit
   108 | D        | Found a transporter.
   109 | D        | Killed a quasit
   110 | D        | Reached skill level 5 in Fighting
   110 | D        | Reached skill level 5 in Long Blades
   110 | D        | Reached skill level 5 in Dodging
   110 | D        | Reached XP level 2. HP: 29/29 MP: 1/1
   110 | D        | Reached XP level 3. HP: 36/36 MP: 2/2
   121 | D        | Reached skill level 6 in Long Blades
   133 | D        | Entered arena 3.
   133 | D        | Noticed a black bear
   133 | D        | Noticed a boggart
   133 | D        | Found a transporter.
   137 | D        | Killed a boggart
   138 | D        | Reached skill level 8 in Long Blades
   138 | D        | Reached XP level 4. HP: 46/48 MP: 3/3
   138 | D        | Reached XP level 5. HP: 51/53 MP: 4/4
   140 | D        | Killed a black bear
   141 | D        | Reached skill level 9 in Long Blades
   141 | D        | Reached skill level 1 in Shields
   148 | D        | Entered arena 4.
   148 | D        | Noticed a small abomination
   148 | D        | Noticed a dread lich
   148 | D        | Found a transporter.
   148 | D        | Reached *** piety under Nemelex Xobeh
   148 | D        | Received a gift from Nemelex Xobeh
   153 | D        | Noticed a balrug
   153 | D        | Noticed a hellion
   155 | D        | Reached XP level 6. HP: 32/63 MP: 5/5
   155 | D        | Killed a small abomination
   156 | D        | Reached skill level 10 in Long Blades
   158 | D        | Noticed a green death
   158 | D        | Slain by a balrug

Illustrated notes

Levels and vault maps discovered:
D:        sprint_v [room_start, room_1, room_2, room_3, room_4, room_5, room_6,
          room_7, room_8, room_9, room_10, room_11, room_12, room_13, room_14,
          room_15, room_16, room_17, room_18, room_19, room_20, room_21,
          room_22, room_23, room_24, room_25, room_26, room_27]

Skill      XL: |  1  2  3  4  5  6 |
---------------+-------------------+-----
Fighting       | 5 7 9 |  9.9
Long Blades    | 5 8 9 10 | 10.5
Dodging        | 5 6 8 |  8.0
Stealth        | 2 |  2.7
Shields        | 3 4 |  4.9
Armour         | 2 4 |  4.7

Action                   |  1- 3 |  4- 6 || total
-------------------------+-------+-------++-------
Melee: Double sword      |     7 |     9 ||    16
       Headbutt          |     1 |     2 ||     3
Invok: Draw Destruction  |     1 |     1 ||     2
  Use: Potion            |       |     1 ||     1
Armor: Gold dragon scale |     6 |    18 ||    24
Dodge: Dodged            |     1 |     3 ||     4
Block: Kite shield       |     6 |     9 ||    15

Table legend: (Time is in decaauts)
 A = Elapsed time spent in this place.
 B = Non-inter-level travel time spent in this place.
 C = Inter-level travel time spent in this place.
 D = Time resting spent in this place.
 E = Time spent auto-exploring this place.
 F = Levels seen in this place.
 G = Mean time per level.
                   A        B        C        D        E       F      G
               +--------+--------+--------+--------+--------+-----+--------+
         Total |    160 |    160 |      0 |      0 |      0 |   1 |  160.0 |
       Dungeon |    160 |    160 |      0 |      0 |      0 |   1 |  160.0 |
               +--------+--------+--------+--------+--------+-----+--------+

Top non-repeatable levels by time:
       D: 160 daAuts
